 Dungeon Crawl Stone Soup version 0.27-a0-686-gaed091b46b (webtiles) character file.

Game seed: 2728985391593362462

231 Anon1729 the Sneak (level 6, -3/37 HPs)
             Began as a Kobold Brigand on Mar 20, 2021.
             Was an Initiate of Wu Jian.
             Slain by a phantom (7 damage)
             ... on level 4 of the Dungeon.
             The game lasted 00:07:04 (4062 turns).

Anon1729 the Sneak (Kobold Brigand)                 Turns: 4062, Time: 00:07:04

Health: -3/37      AC:  3    Str:  8    XL:     6   Next: 24%
Magic:  6/6        EV: 15    Int: 13    God:    Wu Jian [......]
Gold:   108        SH:  0    Dex: 18    Spells: 2/5 levels left

rFire    . . .     SeeInvis .   b - +1 short sword (drain)
rCold    . . .     Faith    .   (shield restricted)
rNeg     . . .     Spirit   .   q - +0 robe
rPois    .         Reflect  .   (no helmet)
rElec    .         Harm     .   c - +0 cloak
rCorr    .         Rampage  .   (no gloves)
Will     .....                  (no boots)
Stlth    ++++......             (no amulet)
HPRegen  0.12/turn              (no ring)
MPRegen  0.10/turn              (no ring)

@: no status effects
A: small, no large weapons, nightstalker 3
a: Renounce Religion


You were on level 4 of the Dungeon.
You worshipped Wu Jian.
Wu Jian was noncommittal.
You visited 2 branches of the dungeon, and saw 5 of its levels.

You collected 108 gold pieces.

Inventory:

Hand Weapons
 a - a +2 dagger
 b - a +1 short sword of draining (weapon)
Missiles
 d - 6 poisoned darts (quivered)
Armour
 c - a +0 cloak (worn)
 q - a +0 robe (worn)
Wands
 m - a wand of digging (6)
 n - a wand of random effects (13)
Scrolls
 f - 3 scrolls of identify {unknown}
 h - a scroll of magic mapping {unknown}
 p - a scroll of teleportation {unknown}
Potions
 e - a potion of flight {unknown}
 g - 2 potions of magic {unknown}
 i - a potion of heal wounds {unknown}
 j - a potion of mutation {unknown}
 k - 5 potions of curing {unknown}
 l - 2 potions of attraction {unknown}
 o - 2 potions of berserk rage {unknown}


   Skills:
 + Level 3.4 Fighting
 + Level 4.3 Short Blades
 + Level 3.3 Throwing
 + Level 3.0 Dodging
 + Level 6.3 Stealth
 + Level 1.2 Hexes


You had 2 spell levels left.
You knew the following spells:

 Your Spells              Type           Power      Damage    Failure   Level
a - Confusing Touch       Hex            3%         N/A       50%         3

Your spell library contained the following spells:

 Spells                   Type           Power      Damage    Failure   Level
 Apportation              Tloc           0%         N/A       30%         1
 Gell's Gravitas          Tloc           0%         N/A       67%         3
 Stone Arrow              Conj/Erth      0%         3d7       67%         3
 Animate Armour           Summ/Erth      0%         N/A       97%         4
 Petrify                  Tmut/Erth      0%         N/A       97%         4
 Metabolic Englaciation   Hex/Ice        0%         N/A       100%        5
 Summon Forest            Summ/Tloc      0%         N/A       100%        5
 Yara's Violent Unravell  Hex/Tmut       0%         3d3       100%        5
 Malign Gateway           Summ/Tloc      0%         N/A       100%        7


Dungeon Overview and Level Annotations

Branches:
Dungeon (4/15)             Temple (1/1) D:4

Altars:
Dithmenos
Elyvilon
Fedhas
Hepliaklqana
Kikubaaqudgha
Makhleb
Nemelex Xobeh
Qazlal
Ru
Sif Muna
Wu Jian
Xom
Yredelemnul
The Shining One

Shops:
D:1 *


Innate Abilities, Weirdness & Mutations

You are small and have problems with some larger weapons.
You are completely attuned to the shadows.


Message History

The phantom is almost destroyed.
The phantom hits you.
You barely miss the phantom.
The phantom is almost destroyed.
The phantom hits you!
You hit the phantom.
The phantom is almost destroyed.
You barely miss the phantom.
The phantom is almost destroyed.
The phantom hits you.
You barely miss the phantom.
The phantom is almost destroyed.
The phantom hits you.
The phantom blinks!
You blink.
You are too injured to fight recklessly!
You hit the phantom but do no damage.
The phantom is almost destroyed.
The phantom barely misses you.
You barely miss the phantom.
The phantom is almost destroyed.
The phantom hits you!
* * * LOW HITPOINT WARNING * * *
You barely miss the phantom.
The phantom is almost destroyed.
The phantom hits you.
* * * LOW HITPOINT WARNING * * *
The phantom blinks!
You blink.
Okay, then.
You closely miss the phantom.
The phantom is almost destroyed.
The phantom hits you.
* * * LOW HITPOINT WARNING * * *
You closely miss the phantom.
The phantom is almost destroyed.
The phantom closely misses you.
You hit the phantom but do no damage.
The phantom is almost destroyed.
You completely miss the phantom.
The phantom is almost destroyed.
The phantom hits you!
You die...

#..†.....###..
...............
##.......<..>..
##..#..#......
#.###.##.......#
#..#.###.......###
##.#.###..........#
##....###........#§#
#.............W@.#.###.
##.....................
##.#.###.#........[###
#.#.....##.##.##.##
#.########.......# #.
####.#### #.######
#......#####
#.##.#.....#


You could see a phantom.

Vanquished Creatures
  2 worker ants (D:4)
  7 gnolls
  4 adders
  An ufetubus (D:3)
  2 worms
  A dart slug (D:1)
  A leopard gecko (D:2)
  5 orcs (D:4)
  5 giant cockroaches
  6 goblins
  4 hobgoblins
  3 jackals (D:3)
  3 kobolds
  2 quokkas (D:1)
  11 bats
  3 frilled lizards
  11 rats
71 creatures vanquished.

Notes
Turn   | Place    | Note
-------+----------+-------------------------------------------
     0 | D:1      | Anon1729 the Kobold Brigand began the quest for the Orb.
     0 | D:1      | Reached XP level 1. HP: 12/12 MP: 1/1
    80 | D:1      | Reached XP level 2. HP: 13/18 MP: 2/2
   477 | D:1      | Found Otuejek's Assorted Antiques.
   496 | D:1      | Reached XP level 3. HP: 22/22 MP: 3/3
  1038 | D:2      | Reached XP level 4. HP: 25/27 MP: 4/4
  1581 | D:2      | Learned a level 3 spell: Confusing Touch
  1648 | D:2      | Reached XP level 5. HP: 32/32 MP: 5/5
  1678 | D:2      | Reached skill level 6 in Stealth
  3020 | D:3      | Found a sacrificial altar of Ru.
  3159 | D:3      | Identified Plog's Tome of the Dusty Compass
  3330 | D:4      | Reached skill level 1 in Hexes
  3330 | D:4      | Reached XP level 6. HP: 37/37 MP: 6/6
  3553 | D:4      | Found a staircase to the Ecumenical Temple.
  3589 | Temple   | Entered the Ecumenical Temple
  3952 | Temple   | Became a worshipper of the Wu Jian Council
  4062 | D:4      | Slain by a phantom

Illustrated notes

Levels and vault maps discovered:
D:1:      dpeg_arrival_signposts, layout_rooms, serial_shops,
          nicolae_shop_crystal
D:2:      minmay_skewed_foursquare, layout_loops_ring
D:3:      layout_rooms, overflow_temple_1_default
D:4:      layout_loops_ring, minmay_temple_entry_large_hall
Temple:   dshaligram_water_room_temple

Skill      XL: |  1  2  3  4  5  6 |
---------------+-------------------+-----
Short Blades   | 3 4 |  4.3
Dodging        | 2 3 |  3.0
Fighting       | 3 |  3.4
Throwing       | 3 |  3.3
Stealth        | 6 |  6.3
Hexes          | 1 |  1.2

Action                   |  1- 3 |  4- 6 || total
-------------------------+-------+-------++-------
Melee: Dagger            |    61 |    76 ||   137
       Short sword       |       |    33 ||    33
Throw: Dart              |    21 |    25 ||    46
Evoke: Wand              |       |     1 ||     1
 Stab: Sleeping          |    12 |    18 ||    30
       Petrified         |       |     1 ||     1
       Distracted        |       |     1 ||     1
Armor: Robe              |     5 |    14 ||    19
Dodge: Dodged            |    50 |    76 ||   126

Table legend: (Time is in decaauts)
 A = Elapsed time spent in this place.
 B = Non-inter-level travel time spent in this place.
 C = Inter-level travel time spent in this place.
 D = Time resting spent in this place.
 E = Time spent auto-exploring this place.
 F = Levels seen in this place.
 G = Mean time per level.
                   A        B        C        D        E       F      G
               +--------+--------+--------+--------+--------+-----+--------+
         Total |   4033 |   3916 |    117 |    818 |   2368 |   5 |  806.6 |
       Dungeon |   3653 |   3560 |     93 |    818 |   2014 |   4 |  913.2 |
        Temple |    379 |    355 |     24 |      0 |    354 |   1 |  379.0 |
               +--------+--------+--------+--------+--------+-----+--------+

Top non-repeatable levels by time:
     D:2: 1294 daAuts
     D:3: 1178 daAuts
     D:1: 854 daAuts
  Temple: 379 daAuts
     D:4: 326 daAuts
